 Dungeon Crawl Stone Soup version 0.27-a0-1525-g1038ab4fd7 (webtiles) character file.

Game seed: 7754173354472004466

4111 pokeman the Thaumaturge (level 10, 0/54 (56) HPs)
             Began as a Deep Elf Hedge Wizard on July 10, 2021.
             Was a Believer of Vehumet.
             Slain by an orc wizard (3 damage)
             ... on level 8 of the Dungeon.
             The game lasted 00:22:59 (9101 turns).

pokeman the Thaumaturge (Deep Elf Hedge Wizard)     Turns: 9101, Time: 00:23:00

HP:   0/54 (56)     AC:  6    Str:  7    XL:     10   Next: 6%
MP:   9/28          EV: 12    Int: 23    God:    Vehumet [**....]
Gold: 414           SH:  0    Dex: 14    Spells: 21/33 levels left

rFire    + . .     SeeInvis +   o - staff of conjuration
rCold    x . .     Faith    .   (no shield)
rNeg     . . .     Spirit   .   m - +0 leather armour
rPois    .         Reflect  .   c - +0 hat
rElec    .         Harm     .   (no cloak)
rCorr    .         Rampage  .   (no gloves)
Will     +....                  l - +2 pair of boots
Stlth    ++........             n - amulet of regeneration
HPRegen  1.18/turn              g - ring of fire
MPRegen  0.21/turn              H - ring of see invisible

@: lightly drained
A: no striking features
a: Renounce Religion


You were on level 8 of the Dungeon.
You worshipped Vehumet.
Vehumet was pleased with you.
You visited 2 branches of the dungeon, and saw 9 of its levels.
You also visited: Sewer.

You collected 414 gold pieces.

Inventory:

Hand Weapons
 D - a +0 shortbow
Missiles
 x - 3 curare-tipped darts
 C - 4 throwing nets
 E - 28 arrows
 F - 16 bolts
 G - 6 atropa-tipped darts
Armour
 c - a +0 hat (worn)
 l - a +2 pair of boots (worn)
 m - a +0 leather armour (worn)
Magical Staves
 o - a staff of conjuration (weapon)
Jewellery
 g - a ring of fire (left hand)
 n - an amulet of regeneration (around neck)
 y - a ring of protection from cold
 H - a ring of see invisible (right hand)
Scrolls
 e - 2 scrolls of fear {unknown}
 f - 2 scrolls of enchant armour {unknown}
 h - a scroll of vulnerability {unknown}
 i - 2 scrolls of teleportation {unknown}
 j - 8 scrolls of identify {unknown}
 k - 2 scrolls of fog {unknown}
 p - a scroll of blinking {unknown}
 s - 3 scrolls of noise {unknown}
 v - a scroll of silence {unknown}
 w - 2 scrolls of immolation {unknown}
 B - 2 scrolls of holy word {unknown}
 J - a scroll of torment {unknown}
 K - a scroll of brand weapon {unknown}
Potions
 a - 6 potions of curing {unknown}
 b - 2 potions of invisibility {unknown}
 d - 4 potions of lignification {unknown}
 q - 2 potions of attraction {unknown}
 r - 5 potions of flight {unknown}
 t - a potion of degeneration {unknown}
 u - 4 potions of magic {unknown}
 z - a potion of might {unknown}
 A - a potion of heal wounds {unknown}
 I - 2 potions of ambrosia {unknown}


   Skills:
 + Level 3.7 Fighting
 - Level 3.0 Armour
 - Level 3.0 Dodging
 - Level 3.0 Stealth
 * Level 12.4 Spellcasting
 + Level 7.1 Conjurations
 - Level 1.1 Summonings
 - Level 1.1 Translocations
 + Level 6.3 Fire Magic
 - Level 1.0 Air Magic
 - Level 1.4 Poison Magic
 - Level 1.4 Evocations


You had 21 spell levels left.
You knew the following spells:

 Your Spells              Type           Power      Damage    Failure   Level
a - Magic Dart            Conj           100%       1d8       1%          1
b - Mephitic Cloud        Conj/Pois/Air  43%        N/A       5%          3
c - Call Imp              Summ           19%        N/A       6%          2
d - Blink                 Tloc           N/A        N/A       6%          2
e - Conjure Flame         Conj/Fire      80%        6-21      1%          3
f - Foxfire               Conj/Fire      100%       2x1d9     1%          1

Your spell library contained the following spells:

 Spells                   Type           Power      Damage    Failure   Level
 Shock                    Conj/Air       100%       1d9       1%          1
 Sticky Flame             Conj/Fire      80%        2d9       4%          4
 Corona                   Hex            15%        N/A       6%          1
 Ignite Poison            Fire/Tmut/Pois 39%        N/A       7%          3
 Ensorcelled Hibernation  Hex/Ice        28%        N/A       10%         2
 Slow                     Hex            14%        N/A       10%         2
 Tukima's Dance           Hex            14%        N/A       19%         3


Dungeon Overview and Level Annotations

Branches:
Dungeon (8/15)             Temple (1/1) D:4           Sewer (visited)
   Lair: D:8-11

Altars:
Ashenzari
Cheibriados
Dithmenos
Elyvilon
Gozag
Hepliaklqana
Kikubaaqudgha
Makhleb
Nemelex Xobeh
Okawaru
Ru
Sif Muna
Trog
Vehumet
Xom
Yredelemnul
The Shining One


Message History

A beastly little devil appears in a puff of flame.
Your crimson imp completely misses the water moccasin.
The water moccasin closely misses you.
The jumping spider pounces on your crimson imp!
Your crimson imp dies!
An orc wizard comes into view. It is wielding a +0 dagger.
The jumping spider leaps!
The water moccasin bites you.
Things that are here:
a +0 mace; a +0 leather armour; an orc corpse You swap places.
The jumping spider leaps!
The water moccasin bites your crimson imp.
Your crimson imp hits the water moccasin but does no damage.
Found 18 gold pieces.
Unknown command.
Casting: Call Imp (safe; 6% risk of failure)
Confirm with . or Enter, or press ? or * to list all spells.
Aiming: Mephitic Cloud (dangerous; 5% risk of failure)
Press: ? - help, Shift-Dir - straight line You feel a surge of power!
The ball explodes into a vile cloud!
The stinking cloud engulfs the orc wizard but does no damage.
You hear a shout!
The jumping spider closely misses you.
The jumping spider completely misses you.
The water moccasin barely misses your crimson imp.
The orc wizard is engulfed in noxious fumes.
The orc wizard appears confused.
The orc wizard barely misses you. The jumping spider pounces on you!
* * * LOW HITPOINT WARNING * * *
You are caught in a web!
The jumping spider bites you.
* * * LOW HITPOINT WARNING * * *
Your crimson imp hits the water moccasin.
Unknown command.
The web tears apart.
The water moccasin bites your crimson imp.
The jumping spider closely misses you. The jumping spider bites you.
* * * LOW HITPOINT WARNING * * *
The orc wizard is engulfed in noxious fumes.
The orc wizard appears confused.
The orc wizard hits you with a +0 dagger.
You die...

###### #.. .........####.#...
.....####.### ....####.# #.####
........#.#..# ... #.$#.# #.##
####......# ..##.##.. #.# ##..###
...#.>#...## ..#.#.. ##.# #.....#
...........## '#.#' ##..###.###.#
............###..§###..........)#
................8.☼☼.....###...).
#....#..#...###s@o###...## ##.###
.....#..#..##.'#5#'.##..# #....
#....####Y##.. #S# ..##.# ###..
#....# #5#.. ##F## ..#.# #.#
.....####.#. ##.Z.## .#.# #..
........#.####.....####.# ###
...)###.#...............#
......#.########.########
........# #...


You could see a jumping spider shaped shifter, a water moccasin (ally target), a
bullfrog, an orc wizard (confused), a howler monkey zombie and a friendly
crimson imp (summoned).

Vanquished Creatures
  Harold (D:7)
  A wraith (D:6)
  2 steam dragons
  Menkaure (D:5)
  A water moccasin (D:5)
  2 black bears
  2 sky beasts
  2 ice beasts (D:7)
  An ogre (D:5)
  2 centaurs
  3 kobold brigands
  Blork the orc (D:6)
  7 bullfrogs
  A scorpion (D:7)
  A water moccasin zombie (D:5)
  5 wights (D:8)
  3 howler monkeys
  A bullfrog zombie (D:6)
  2 centaur zombies (D:8)
  A gnoll shaman (D:6)
  2 jellies
  An orc priest (D:5)
  4 hounds
  2 bullfrog skeletons
  A centaur skeleton (D:6)
  2 iguanas (D:5)
  3 orc wizards
  A killer bee zombie (D:7)
  A howler monkey zombie (D:8)
  8 gnolls
  6 adders
  A shadow imp (D:6)
  2 white imps (D:8)
  5 worms
  8 orcs
  8 bats
  10 endoplasms
  3 giant cockroaches
  9 hobgoblins
  8 jackals
  6 quokkas
  10 ball pythons
  7 frilled lizards
  9 goblins
  15 kobolds
  A quokka skeleton (D:4)
  4 rats
177 creatures vanquished.

Vanquished Creatures (collateral kills)
  A bullfrog (D:8)
  A worm (Sewer)
2 creatures vanquished.

Vanquished Creatures (others)
  A kobold (D:8)
  2 demonic plants (D:1)
  297 foxfires
300 creatures vanquished.

Grand Total: 479 creatures vanquished

Notes
Turn   | Place    | Note
-------+----------+-------------------------------------------
     0 | D:1      | pokeman the Deep Elf Hedge Wizard began the quest for the
                  | Orb.
     0 | D:1      | Reached XP level 1. HP: 10/10 MP: 7/7
   403 | D:1      | Found a faded altar of an unknown god.
   403 | D:1      | Noticed an Executioner
   423 | D:1      | Reached XP level 2. HP: 15/15 MP: 6/9
   678 | D:1      | Reached skill level 5 in Spellcasting
  1388 | D:2      | Reached XP level 3. HP: 20/20 MP: 8/11
  1392 | D:2      | Learned a level 3 spell: Mephitic Cloud
  1395 | D:2      | Learned a level 2 spell: Call Imp
  1398 | D:2      | Learned a level 2 spell: Blink
  1402 | D:2      | Learned a level 3 spell: Conjure Flame
  2146 | D:2      | Reached skill level 1 in Fighting
  2146 | D:2      | Reached skill level 1 in Armour
  2824 | D:3      | Reached XP level 4. HP: 18/25 MP: 10/13
  2920 | D:3      | Found a glowing drain.
  2939 | Sewer    | Entered a sewer
  2989 | Sewer    | Reached skill level 1 in Fire Magic
  3710 | Sewer    | Reached skill level 6 in Spellcasting
  3850 | D:3      | Reached XP level 5. HP: 29/29 MP: 3/15
  4071 | D:3      | Found an iron altar of Okawaru.
  4161 | D:3      | Found a shimmering blue altar of Sif Muna.
  4661 | D:4      | Found a staircase to the Ecumenical Temple.
  4684 | Temple   | Entered the Ecumenical Temple
  4695 | Temple   | Became a worshipper of Vehumet
  5330 | D:4      | Reached skill level 1 in Air Magic
  5558 | D:5      | Entered Level 5 of the Dungeon
  5558 | D:5      | Noticed an ogre
  5560 | D:5      | Noticed a water moccasin
  5564 | D:5      | Killed an ogre
  5565 | D:5      | Reached XP level 6. HP: 34/34 MP: 7/17
  5569 | D:5      | Killed a water moccasin
  5570 | D:5      | Reached skill level 7 in Spellcasting
  5570 | D:5      | Reached skill level 1 in Poison Magic
  5570 | D:5      | Reached skill level 1 in Evocations
  5949 | D:5      | Reached XP level 7. HP: 38/38 MP: 15/20
  6150 | D:5      | Found a glowing golden altar of the Shining One.
  6152 | D:5      | Noticed an angel
  6166 | D:5      | Reached skill level 8 in Spellcasting
  6178 | D:5      | Found a basalt altar of Yredelemnul.
  6180 | D:5      | Noticed a profane servitor
  6366 | D:5      | Reached * piety under Vehumet
  6366 | D:5      | Offered knowledge of Foxfire by Vehumet.
  6369 | D:5      | Learned a level 1 spell: Foxfire
  6555 | D:5      | Noticed Menkaure
  6562 | D:5      | Killed Menkaure
  6727 | D:6      | Reached XP level 8. HP: 44/44 MP: 18/22
  6743 | D:6      | Noticed Blork the orc
  6748 | D:6      | Killed Blork the orc
  6749 | D:6      | Reached skill level 9 in Spellcasting
  7174 | D:6      | Reached skill level 5 in Conjurations
  7384 | D:6      | Reached skill level 10 in Spellcasting
  7835 | D:7      | Reached XP level 9. HP: 48/48 MP: 18/25
  7963 | D:7      | Found a hazy altar of Hepliaklqana.
  7972 | D:7      | Noticed Harold
  8008 | D:7      | Killed Harold
  8009 | D:7      | Reached skill level 11 in Spellcasting
  8009 | D:7      | Reached skill level 5 in Fire Magic
  8454 | D:7      | Reached ** piety under Vehumet
  8454 | D:7      | Offered knowledge of Shock by Vehumet.
  8707 | D:8      | Reached skill level 12 in Spellcasting
  9007 | D:8      | Reached XP level 10. HP: 56/56 MP: 22/28
  9019 | D:8      | Noticed a gargoyle
  9077 | D:8      | Noticed a harpy
  9084 | D:8      | a harpy changed into a yak
  9101 | D:8      | Slain by an orc wizard

Illustrated notes

Levels and vault maps discovered:
D:1:      saegor_arrival_miasma, layout_loops_ring,
          dreamdust_ecumenical_altar_sealed_demon, columned_hall_lemuel,
          chequers_serial_rivers_room_a
D:2:      layout_loops_corners
D:3:      layout_rooms, mainiacjoe_overflow_catwalk_spiral,
          cheibrodos_sewer_entry_drain
D:4:      layout_gridville, minmay_temple_entry_slanted
D:5:      layout_basic, grunt_temple_overflow_holy_war, uniq_menkaure
D:6:      layout_gridville, uniq_blork_the_orc
D:7:      layout_rooms, mainiacjoe_overflow_cross_hatched,
          hangedman_decor_peaks_small, uniq_harold
D:8:      cheibrodos_barr_body, layout_basic, dpeg_oklobed_lair,
          chequers_mini_garden, hex_medium, minmay_misc_feat_columns,
          st_stairs_5, minmay_misc_feat_square, minmay_checkerbox
Temple:   lightli_temple_of_artemis

Skill      XL: |  1  2  3  4  5  6  7  8  9 |
---------------+----------------------------+-----
Spellcasting   | 5 6 7 8 10 12 | 12.4
Fighting       | 1 2 3 |  3.7
Armour         | 1 3 |  3.0
Conjurations   | 2 3 4 5 7 |  7.1
Fire Magic     | 1 3 4 6 |  6.3
Dodging        | 3 |  3.0
Stealth        | 3 |  3.0
Air Magic      | 1 |  1.0
Poison Magic   | 1 |  1.4
Evocations     | 1 |  1.4
Summonings     | |  1.1
Translocations | |  1.1

Action                   |  1- 3 |  4- 6 |  7- 9 | 10-12 || total
-------------------------+-------+-------+-------+-------++-------
Melee: Short sword       |    23 |     2 |       |       ||    25
       Staff             |       |    19 |    40 |     6 ||    65
 Cast: Magic Dart        |   122 |   139 |    24 |     2 ||   287
       Mephitic Cloud    |       |    10 |    14 |     1 ||    25
       Conjure Flame     |       |     4 |    25 |     1 ||    30
       Call Imp          |       |     2 |       |     3 ||     5
       Blink             |       |     1 |     3 |       ||     4
       Foxfire           |       |       |   142 |    22 ||   164
 Stab: Sleeping          |       |     1 |       |       ||     1
       Confused          |       |     1 |     1 |       ||     2
Armor: Robe              |     4 |       |       |       ||     4
       Leather armour    |     4 |    16 |    18 |     6 ||    44
Dodge: Dodged            |    30 |    47 |    42 |    15 ||   134

Table legend: (Time is in decaauts)
 A = Elapsed time spent in this place.
 B = Non-inter-level travel time spent in this place.
 C = Inter-level travel time spent in this place.
 D = Time resting spent in this place.
 E = Time spent auto-exploring this place.
 F = Levels seen in this place.
 G = Mean time per level.
                   A        B        C        D        E       F      G
               +--------+--------+--------+--------+--------+-----+--------+
         Total |   9230 |   8994 |    236 |    578 |   7042 |  10 |  923.0 |
       Dungeon |   8195 |   7969 |    226 |    358 |   6385 |   8 | 1024.4 |
        Temple |     22 |     12 |     10 |      0 |      3 |   1 |   22.0 |
         Sewer |   1012 |   1012 |      0 |    220 |    654 |   1 | 1012.0 |
               +--------+--------+--------+--------+--------+-----+--------+

Top non-repeatable levels by time:
     D:2: 1423 daAuts
     D:1: 1329 daAuts
     D:4: 1120 daAuts
     D:6: 1110 daAuts
   Sewer: 1012 daAuts
     D:5: 1009 daAuts
     D:3: 865 daAuts
     D:7: 836 daAuts
     D:8: 500 daAuts
  Temple: 22 daAuts
